AoeStats
← tom.klein.kn

Arena

507827241Analyzed
2v2 RM · 11d ago on Sep 19, 2026· 19m 24s· 4 players
Game mode
Random Map
Map size
Medium (4 player)
Population
200
Speed
Normal
Resources
Standard
Victory
Conquest
Starting age
Dark Age
Ending age
Imperial Age
RankedLock teamsTeams togetherTeam positionsShared explorationLock speedFull tech treeHidden civsTurbo modeCheats
Victory
Defeat
🇩🇪 Bohemians · Germany
1030
+16
🇩🇪 Franks · Germany
1029
+16
1040
-16
🇲🇽 Teutons · Mexico
1029
-16
WinterSword26
3:25 Loom
10:34 Feudal Age
12:53 Double-Bit Axe
12:50 Horse Collar
17:03 Man-at-Arms
17:29 Arson
Ballin' Like Bill, End @McDank's
0:58 Loom
10:53 Feudal Age
11:27 Double-Bit Axe
11:23 Horse Collar
19:58 Castle Age
FlorianStefan
10:23 Feudal Age
9:00 Loom
15:02 Castle Age
14:40 Horse Collar
14:59 Double-Bit Axe
tom.klein.kn
11:44 Feudal Age
13:37 Double-Bit Axe
17:10 Castle Age
16:48 Stone Mining
17:29 Loom
18:55 Bow Saw
Connection lost

Rejoining the realm…

Still unreachable

The connection could not be restored.

Session expired

The server has moved on; the page needs a fresh start.